AoeStats
← LuchoPai

MegaRandom

504314335Analyzed
4v4 RM · 26d ago on Sep 4, 2026· 41m 16s· 8 players
Game mode
Random Map
Map size
Large (8 player)
Population
200
Speed
Normal
Resources
Standard
Victory
Conquest
Starting age
Dark Age
Ending age
Imperial Age
RankedLock teamsTeams togetherTeam positionsShared explorationLock speedFull tech treeHidden civsTurbo modeCheats
Victory
Defeat
🇺🇸 Cumans · United States
920
+14
🇻🇪 Chinese · Venezuela
890
+16
🇲🇹 Spanish · Malta
874
+16
🇨🇴 Khmer · Colombia
854
+17
🇨🇱 Malay · Chile
969
-37
🇨🇱 Burgundians · Chile
903
-17
845
-14
🇨🇱 Huns · Chile
816
-13
DlWolf
8:06 Loom
10:35 Feudal Age
18:31 Scale Barding Armor
19:08 Bloodlines
ricardorodriguez2978
0:28 Loom
13:20 Feudal Age
13:50 Town Watch
14:06 Double-Bit Axe
20:58 Castle Age
20:17 Wheelbarrow
19:36 Double-Bit Axe
21:32 Horse Collar
22:05 Bow Saw
22:27 Pikeman
23:07 Squires
26:54 Town Patrol
30:42 Heavy Plow
33:38 Hand Cart
35:54 Wagenburg Tactics
38:58 Chemistry
37:42 Treadmill Crane
38:23 Ballistics
40:55 Scale Mail Armor
40:56 Padded Archer Armor
40:47 Fletching
LuchoPai
7:19 Loom
15:48 Feudal Age
18:04 Double-Bit Axe
18:13 Horse Collar
20:38 Castle Age
21:24 Bow Saw
27:44 Scale Barding Armor
cruzadometalero
7:53 Loom
13:19 Feudal Age
12:10 Double-Bit Axe
13:06 Horse Collar
22:24 Castle Age
22:35 Cavalier
23:16 Husbandry
24:43 Scale Barding Armor
24:49 Forging
25:16 Bow Saw
29:12 Chain Barding Armor
29:28 Iron Casting
38:43 Two-Man Saw
37:34 Town Watch
rojasfelix253
0:30 Loom
11:07 Feudal Age
12:46 Wheelbarrow
13:00 Double-Bit Axe
15:12 Man-at-Arms
26:45 Castle Age
27:52 Scale Barding Armor
27:48 Scale Mail Armor
28:01 Forging
28:07 Gold Mining
29:53 Capped Ram
33:48 Chain Barding Armor
33:43 Chain Mail Armor
33:19 Pikeman
33:45 Arson
34:01 Squires
36:10 Hand Cart
35:50 Stone Mining
36:35 Gold Shaft Mining
38:07 Bow Saw
42:51 Imperial Age
jgmolina20
11:00 Feudal Age
11:56 Loom
27:53 Double-Bit Axe
28:42 Arson
33:37 Castle Age
33:53 Pikeman
35:07 Bow Saw
37:04 Forging
38:00 Husbandry
40:39 Wheelbarrow
41:00 Bloodlines
MacuStar
1:28 Loom
9:25 Feudal Age
10:03 Double-Bit Axe
24:36 Castle Age
23:08 Fletching
23:18 Padded Archer Armor
24:59 Forging
24:49 Scale Mail Armor
24:38 Pikeman
25:32 Crossbowman
28:21 Bow Saw
34:45 Wheelbarrow
35:36 Chain Mail Armor
41:33 Hand Cart
Eduard IV
7:22 Loom
12:21 Feudal Age
21:51 Castle Age
20:27 Double-Bit Axe
21:37 Scale Barding Armor
24:46 Chain Barding Armor
26:05 Pikeman
27:17 Fletching
27:54 Scale Mail Armor
29:38 Chain Mail Armor
Connection lost

Rejoining the realm…

Still unreachable

The connection could not be restored.

Session expired

The server has moved on; the page needs a fresh start.